 Dungeon Crawl Stone Soup version 0.18-a0-1347-gb9e2fb4 (console) character file.

85 utis the Vexing (level 4, 0/25 HPs)
             Began as a Deep Elf Arcane Marksman on Feb 17, 2016.
             Slain by a hippogriff (4 damage)
             ... on level 3 of the Dungeon.
             The game lasted 00:16:33 (4861 turns).

utis the Vexing (Deep Elf Arcane Marksman)          Turns: 4861, Time: 00:16:33

Health: 0/25       AC:  4    Str:  9    XL:     4   Next: 25%
Magic:  1/8        EV: 13    Int: 18    God:
Gold:   72         SH:  0    Dex: 14    Spells: 3 memorised, 0 levels left

rFire  . . .     SeeInvis .     q - -2 dagger (curse)
rCold  . . .     Gourm    .     e - +0 robe
rNeg   . . .     Faith    .     (no shield)
rPois  .         Spirit   .     (no helmet)
rElec  .         Dismiss  .     i - +1 cloak
rCorr  .         Reflect  .     (no gloves)
SustAt .         Harm     .     (no boots)
MR     .....                    (no amulet)
Stlth  +.........               (no ring)
                                (no ring)

@: not resistant to hostile enchantments, very unstealthy
A: no striking features
a: no special abilities


You were on level 3 of the Dungeon.
You were not hungry.

You visited 1 branch of the dungeon, and saw 3 of its levels.

You collected 72 gold pieces.

Inventory:

Hand Weapons
 a - a +0 shortbow
 b - a +0 short sword
 m - a +1 dagger of draining
 q - a cursed -2 dagger (weapon)
Missiles
 d - 54 arrows
 g - 23 sling bullets
 k - 69 stones (quivered)
 o - 16 poisoned needles
Armour
 e - a +0 robe (worn)
 f - a +0 ring mail
 i - a +1 cloak (worn)
 s - a cursed +0 cloak
 u - a cursed +0 cloak
Scrolls
 p - a scroll of fear
 w - a scroll of fog {unknown}
Potions
 h - 2 potions of ambrosia {unknown}
 j - a potion of resistance {unknown}
 l - 3 potions of curing {@q1}
 n - a potion of mutation {unknown}
 r - a potion of degeneration {unknown}
Books
 c - a book of Debilitation

   Spells                             Type                      Level
   a - Corona                         Hexes                        1
   b - Slow                           Hexes                        2
   c - Gell's Gravitas                Hexes/Translocation          3
   d - Inner Flame                    Hexes/Fire                   3
   e - Cause Fear                     Hexes                        4
   f - Leda's Liquefaction            Hexes/Earth                  4
Comestibles
 t - 3 fruits {@e2}
 v - 2 chunks of flesh


   Skills:
 - Level 1.6 Fighting
 - Level 4.2 Bows
 - Level 2.4 Dodging
 - Level 1.5 Spellcasting
 + Level 4.4 Hexes


You couldn't memorise any spells.
You knew the following spells:

 Your Spells              Type           Power        Failure   Level  Hunger
v - Gell's Gravitas       Hex/Tloc       #.........   24%         3    ####...
w - Slow                  Hex            ###.....     6%          2    ###....
z - Corona                Hex            ###....      3%          1    ##.....


Dungeon Overview and Level Annotations

Branches:
Dungeon (3/15)

Altars:
The Shining One


Message History

Aim: a hippogriff (slow, softly glowing, chance to defeat MR: 54%)
The hippogriff glows brighter.
* * * LOW MAGIC WARNING * * *
You hit the hippogriff.
The hippogriff is lightly wounded.
You hit the hippogriff but do no damage.
The hippogriff is lightly wounded.
The hippogriff bites you. The hippogriff pecks you. The hippogriff claws you.
You hit the hippogriff.
The hippogriff is lightly wounded.
You hit the hippogriff but do no damage.
The hippogriff is lightly wounded.
The hippogriff bites you. The hippogriff misses you. The hippogriff claws you.
* * * LOW HITPOINT WARNING * * *
You hit the hippogriff but do no damage.
The hippogriff is lightly wounded.
The hippogriff bites you.
* * * LOW HITPOINT WARNING * * *
The hippogriff barely misses you. The hippogriff claws you.
You die...

.░ ░...░ ░.░ .░ ░...░
░.░ .░ ░...░ ░.░
.░░░░░░░░...░░░░░░░░.░
.░>................░.░░
..............░░......░
.░.░.░░.░.░░░.░░......░
.░.░.░░.░.░ ░.░░.░░░░░░
...░.░░.░.░ ░.░░e░...░
░░░░.░░.░.. ░.░░H░.░.░
░ ░.░░..░. ░.░░.░.░.░ ░
░.░░░. .░░.░░...░.. ░.░
░.░░.░░░░░. ░.░ ░.░..░
. ░.░ ░.░..░ ░....░
░....░


You could see a hippogriff.

Vanquished Creatures
  An adder (D:2)
  2 oozes
  A worm (D:1)
  2 giant geckos
  7 bats
  4 giant cockroaches
  8 goblins
  10 hobgoblins
  2 jackals (D:1)
  9 kobolds (D:1)
  2 ball pythons
  7 giant newts
  6 rats
61 creatures vanquished.

Notes
Turn   | Place    | Note
--------------------------------------------------------------
     0 | D:1      | utis the Deep Elf Arcane Marksman began the quest for the Orb.
     0 | D:1      | Reached XP level 1. HP: 11/11 MP: 5/5
   423 | D:1      | Reached skill level 1 in Fighting
   494 | D:1      | Reached XP level 2. HP: 16/16 MP: 4/6
  1037 | D:1      | Learned a level 2 spell: Slow
  1306 | D:1      | Reached XP level 3. HP: 20/20 MP: 1/7
  1789 | D:1      | Found a glowing golden altar of the Shining One.
  3574 | D:2      | Reached XP level 4. HP: 13/25 MP: 5/8
  3821 | D:2      | Learned a level 3 spell: Gell's Gravitas
  4841 | D:3      | Noticed a hippogriff
  4861 | D:3      | Slain by a hippogriff

Vault maps used:
D:1:      dpeg_arrival_concentric_ovals, minmay_misc_feat_nine_boxes,
          serial_bayou_pond_e, tso_altar
D:2:      minmay_close_crescents
D:3:      serial_co_window_serial, co_window_corner_a,
          co_window_of_opportunity_a, co_window_of_opportunity_a,
          co_window_of_opportunity_a, co_window_paths_b, co_window_corner_b,
          co_window_broadway_c, co_window_broadway_b, co_window_4corner_b,
          co_window_paths_d, roderic_greek_sauvastika,
          corexii_item_surrounded_by_moat

Action                   |  1- 3 |  4- 6 || total
-------------------------+-------+-------++-------
Melee: Short sword       |    85 |       ||    85
       Dagger            |   218 |   128 ||   346
 Fire: Shortbow          |    15 |       ||    15
Throw: Stone             |     1 |     8 ||     9
 Cast: Corona            |    75 |    28 ||   103
       Slow              |    29 |     9 ||    38
  Use: Scroll            |     5 |       ||     5
 Stab: Distracted        |     1 |       ||     1
  Eat: Chunk             |     9 |     5 ||    14
       Bread ration      |     1 |       ||     1
